 Dungeon Crawl Stone Soup version 0.29.0-4-gdea44cf6ec (webtiles) character file.

Game seed: 4094041111243986395

55980 qw the Severer (level 14, -4/202 HPs)
             Began as a Minotaur Berserker on Sept 6, 2022.
             Was an Elder of Trog.
             Succumbed to poison (poison gas)
             ... on level 5 of the Lair of Beasts.
             The game lasted 00:06:30 (20694 turns).

qw the Severer (Minotaur Berserker)                Turns: 20694, Time: 00:06:30

Health: -4/202     AC: 37    Str: 27    XL:     14   Next: 40%
Magic:  13/13      EV: 15    Int:  5    God:    Trog [****..]
Gold:   907        SH:  6    Dex: 14    Spells: 13/13 levels left

rFire   . . .      SeeInvis +   Y - +4 broad axe (protect)
rCold   + . .      Faith    .   o - +0 buckler
rNeg    + . .      Spirit   .   j - +5 plate armour "Puaheuke" {*Corrode Int+4 Dex+4}
rPois   .          Reflect  .   (helmet restricted)
rElec   .          Harm     .   e - +2 cloak
rCorr   .          Rampage  .   p - +2 pair of gloves
Will    ++...                   c - +0 pair of boots of Okawaru's Regard {rC+ rN+ Will+ Int-3}
Stlth   ..........              (no amulet)
HPRegen 0.43/turn               l - ring of see invisible
MPRegen 0.13/turn               g - +4 ring of evasion

@: berserking, lethally poisoned (-4 -> -74), under a protective aura, very
quick
A: horns 2, retaliatory headbutt
a: Renounce Religion, Berserk, Trog's Hand, Brothers in Arms


You were on level 5 of the Lair of Beasts.
You worshipped Trog.
Trog was greatly pleased with you.
You visited 2 branches of the dungeon, and saw 13 of its levels.
You also visited: Ossuary.

You collected 961 gold pieces.
You spent 54 gold pieces at shops.


Innate Abilities, Weirdness & Mutations

You have a pair of horns on your head.
You reflexively headbutt those who attack you in melee.


   Skills:
 - Level 15.0 Fighting
 - Level 18.1 Axes
 - Level 6.5 Throwing
 - Level 14.0 Armour
 + Level 7.6 Dodging
 - Level 9.4 Shields


You had 13 spell levels left.
You didn't know any spells.
Your spell library was empty.

Inventory:

Hand Weapons
 r - a +0 morningstar
 Y - a +4 broad axe of protection (weapon)
Armour
 c - the +0 pair of boots of Okawaru's Regard (worn) {rC+ rN+ Will+ Int-3}
   (You acquired it on level 8 of the Dungeon)

   Int:       It affects your intelligence (-3).
   rC:        It protects you from cold.
   rN:        It protects you from negative energy.
   Will:      It increases your willpower.
 e - a +2 cloak (worn)
 j - the +5 plate armour "Puaheuke" (worn) {*Corrode Int+4 Dex+4}
   (You found it on level 7 of the Dungeon)

   Int:       It affects your intelligence (+4).
   Dex:       It affects your dexterity (+4).
   *Corrode:  It may corrode you when you take damage.
 o - a +0 buckler (worn)
 p - a +2 pair of gloves (worn)
 s - the +8 orange crystal plate armour {Archmagi, Int+3 Clar}
   (You found it on level 5 of the Lair of Beasts)

   Int:       It affects your intelligence (+3).
   Clar:      It protects you against confusion.
Jewellery
 g - a +4 ring of evasion (right hand)
 l - a ring of see invisible (left hand)
 n - a +6 ring of strength
Wands
 a - a wand of digging (15)
Scrolls
 i - 6 scrolls of identify
 m - 6 scrolls of teleportation
 t - a scroll of enchant armour
Potions
 b - 3 potions of haste
 d - 8 potions of curing
 f - 2 potions of cancellation
 k - 2 potions of mutation
 u - 2 potions of might

Dungeon Overview and Level Annotations

Branches:
Dungeon (8/15)             Temple (0/1) D:7            Lair (5/5) D:8
 Shoals (0/4) Lair:2        Snake (0/4) Lair:2        Slime (0/5) Lair:5
Ossuary (visited)

Altars:
Ashenzari
Elyvilon
Kikubaaqudgha
Okawaru
Qazlal
Ru
Sif Muna
Vehumet
Jiyva

Shops:
D:2 (   D:5 :   D:7 [

Annotations:
D:6 2 transporters
Lair:3 3 runed translucent doors, qw's ghost, journeyman MiFi
Lair:5 4 runed translucent doors, qw's ghost, journeyman TrCA


Message History

You recover from your berserk rage.
You feel very sick.
The swamp dragon bites you but does no damage.
The swamp dragon closely misses you. You block the swamp dragon's attack.
20689 ||| READING 7 scrolls of teleportation.
As you read the scroll of teleportation, it crumbles to dust.
You feel strangely unstable.
You feel very sick.
The swamp dragon breathes poison at you.
The blast of poison engulfs you but does no damage.
You are more poisoned.
20690 ||| INVOKING Berserk.
A red film seems to cover your vision as you go berserk!
You feel yourself moving faster!
You feel mighty!
You are engulfed in poison gas.
You are more poisoned.
You feel extremely sick. You block the swamp dragon's attack.
The swamp dragon claws you but does no damage.
You block the swamp dragon's attack.
You hit the swamp dragon. You headbutt the swamp dragon!
The swamp dragon is severely wounded.
You are engulfed in poison gas.
You are lethally poisoned!
You feel very sick.
You slice the swamp dragon!!
You feel the power of Trog in you as your rage grows.
You kill the swamp dragon!
Trog accepts your kill.
You are engulfed in poison gas.
You are more poisoned.
You feel extremely sick.
You're standing in a cloud of poison gas!
You are engulfed in poison gas.
You are more poisoned.
Your surroundings suddenly seem different.
You feel extremely sick.
There is a lethal amount of poison in your body!
You feel a strong urge to attack something.
You die...

...##..P.PPP.P.P..........
.......P...P.P...P........
#......P.PPP.PPP..........
.......P.........P#.......
........P.PPPP.PP.........
.........#......#.#.......
.........##......#........
.....P....#.#..)#.........
.#.......@.###.....%......
######.#...#.....%%%.....
####................
#.........|####..
##........#####..
###......##.###.
###.......##...##.
#..#......#.......
##....###.#.....#.


There were no monsters in sight!

Vanquished Creatures
  Rupert (Lair:5)
  Snorg (Lair:5)
  A fire dragon (Lair:5)
  Fannar (Lair:2)
  2 boulder beetles
  13 hydras
  A death yak (D:8)
  Sonja (Lair:2)
  2 lindwurms (Lair:5)
  A swamp dragon (Lair:5)
  Pikel (D:4)
  A merfolk siren (Lair:2)
  12 elephants
  5 torpor snails (Lair:5)
  6 black mambas
  12 cane toads
  An unseen horror (D:8)
  6 rime drakes
  16 komodo dragons
  3 polar bears
  37 blink frogs
  Prince Ribbit (D:5)
  9 hornets
  3 tyrant leeches (Lair:5)
  A dream sheep (Lair:3)
  Sigmund (D:4)
  25 yaks
  A wyvern (Lair:5)
  4 basilisks
  3 steam dragons
  Edmund (D:5)
  15 water moccasins
  2 orc warriors (D:8)
  2 black bears
  2 swamp drakes (Lair:5)
  4 ice beasts
  11 wolves
  2 centaurs
  2 ogres
  A lemure (D:4)
  A kobold brigand (D:6)
  3 phantoms
  4 wyvern zombies (Ossuary)
  16 bullfrogs
  2 scorpions
  A water moccasin zombie (Ossuary)
  8 wights
  8 killer bees (D:8)
  4 howler monkeys
  2 vampire bats (Lair:5)
  An electric eel (Lair:3)
  6 centaur zombies (Ossuary)
  5 bullfrog zombies (Ossuary)
  7 jellies
  4 orc priests (D:8)
  4 hounds
  Ijyb (D:3)
  10 iguanas
  An orc wizard (D:7)
  4 hell rats (Lair:1)
  A killer bee zombie (Ossuary)
  11 mummies (Ossuary)
  3 howler monkey zombies (Ossuary)
  3 gnolls (D:5)
  10 adders
  3 white imps (D:5)
  4 worms
  13 orcs
  7 endoplasms
  9 goblins
  7 hobgoblins
  4 jackals (D:2)
  10 kobolds
  3 quokkas
  7 ball pythons
  7 bats
  4 frilled lizards
  A quokka zombie (D:5)
  5 rats
  A rat zombie (D:5)
  A spectral hobgoblin (D:1)
420 creatures vanquished.

Vanquished Creatures (collateral kills)
  A hydra (Lair:5)
1 creature vanquished.

Vanquished Creatures (others)
  A water moccasin (Lair:5)
  An endoplasm (Lair:5)
  10 bushes (Lair:5)
  36 fungi
  79 plants
  4 withered plants (Ossuary)
131 creatures vanquished.

Grand Total: 552 creatures vanquished

Notes
Turn   | Place    | Note
-------+----------+-------------------------------------------
     0 | D:1      | qw the Minotaur Berserker began the quest for the Orb.
     0 | D:1      | Reached XP level 1. HP: 19/19 MP: 0/0
     0 | D:1      | 0 ||| qw: Version: 0.1-a-107-g9ff403c
     0 | D:1      | 0 ||| qw: Game counter: 6153
     0 | D:1      | 0 ||| qw: Always use a shield: true
     0 | D:1      | 0 ||| qw: Do Orc after D:15 true
     0 | D:1      | 0 ||| qw: Do second Lair branch before Depths: true
     0 | D:1      | 0 ||| qw: Lair rune preference: random
     0 | D:1      | 0 ||| qw: Plans: Normal
     0 | D:1      | 0 ||| PLANNING D:1-11
   156 | D:1      | Reached skill level 4 in Axes
   214 | D:1      | Reached XP level 2. HP: 20/26 MP: 1/1
   340 | D:1      | Found a faded altar of an unknown god.
   462 | D:1      | 462 ||| DROPPING +0 club.
   935 | D:1      | 935 ||| UPGRADING to +0 chain mail.
   945 | D:1      | 945 ||| DROPPING +0 animal skin.
   946 | D:1      | 946 ||| UPGRADING to +6 ring of strength.
   947 | D:1      | 947 ||| READING scroll labelled HUXYNEEW RIUK.
   948 | D:1      | 948 ||| READING 2 scrolls labelled TIHUL WURGH.
   949 | D:1      | 949 ||| DROPPING scroll of poison.
   950 | D:1      | 950 ||| Stepping randomly (stuck).
   951 | D:1      | 951 ||| Stepping ~*~*~tactically~*~*~ (cloud).
   957 | D:1      | HP: 6/26 [poisoned by you (poison gas)]
  1322 | D:2      | Reached skill level 5 in Axes
  1322 | D:2      | Reached XP level 3. HP: 31/31 MP: 2/2
  1358 | D:2      | Found Vouluv's Weapon Boutique.
  1430 | D:2      | 1430 ||| SHOPLISTING +1 vorpal war axe (146 gold, have 69).
  1430 | D:2      | 1430 ||| SHOPLISTING +6 hand axe of Muwasipt {vorpal, rF+}
                  | (582 gold, have 69).
  1477 | D:2      | Reached ** piety under Trog
  1700 | D:2      | 1700 ||| Stepping ~*~*~tactically~*~*~ (stealth).
  1892 | D:2      | 1892 ||| SWAPPING to +0 broad axe.
  1893 | D:2      | 1893 ||| DROPPING +0 hand axe.
  1895 | D:2      | 1895 ||| Stepping ~*~*~tactically~*~*~ (stealth).
  1897 | D:2      | 1897 ||| Stepping ~*~*~tactically~*~*~ (stealth).
  1898 | D:2      | 1898 ||| Stepping ~*~*~tactically~*~*~ (stealth).
  1967 | D:2      | 1967 ||| READING 2 scrolls labelled MIPHAPR VOME.
  1968 | D:2      | 1968 ||| READING scroll labelled MISOLO QOBUGH.
  1972 | D:2      | 1972 ||| READING scroll labelled NIALIO IFAFECI.
  1973 | D:2      | 1973 ||| DRINKING 4 sapphire potions.
  1974 | D:2      | 1974 ||| DROPPING scroll of butterflies.
  1983 | D:3      | Noticed Ijyb
  1984 | D:3      | 1984 ||| INVOKING Berserk.
  1988 | D:3      | Killed Ijyb
  1989 | D:3      | Reached skill level 6 in Axes
  1989 | D:3      | Reached XP level 4. HP: 39/39 MP: 3/3
  1992 | D:3      | 1992 ||| STAIRDANCE
  2198 | D:3      | 2198 ||| Stepping ~*~*~tactically~*~*~ (stealth).
  2276 | D:3      | 2276 ||| DROPPING +0 mace.
  2766 | D:3      | 2766 ||| INVOKING Berserk.
  2768 | D:3      | Reached skill level 7 in Axes
  2768 | D:3      | Reached XP level 5. HP: 45/45 MP: 4/4
  2887 | D:3      | Found an ancient bone altar of Kikubaaqudgha.
  3126 | D:3      | 3126 ||| READING 2 scrolls of identify.
  3126 | D:3      | 3126 ||| IDENTIFYING dark potion
  3184 | D:4      | Noticed Sigmund
  3185 | D:4      | 3185 ||| INVOKING Berserk.
  3188 | D:4      | Noticed a lemure
  3191 | D:4      | Killed Sigmund
  3192 | D:4      | Reached XP level 6. HP: 57/57 MP: 5/5
  3333 | D:4      | Noticed Pikel
  3337 | D:4      | 3337 ||| INVOKING Berserk.
  3346 | D:4      | Killed Pikel
  3347 | D:4      | Reached skill level 9 in Axes
  3347 | D:4      | Reached XP level 7. HP: 62/62 MP: 6/6
  3526 | D:4      | 3526 ||| INVOKING Berserk.
  3529 | D:4      | Reached skill level 3 in Armour
  3548 | D:4      | 3548 ||| Stepping ~*~*~tactically~*~*~ (stealth).
  3610 | D:4      | 3610 ||| INVOKING Berserk.
  3612 | D:4      | Reached skill level 10 in Axes
  3760 | D:4      | Reached skill level 6 in Fighting
  3760 | D:4      | Reached XP level 8. HP: 66/71 MP: 7/7
  3790 | D:4      | 3790 ||| Stepping ~*~*~tactically~*~*~ (stealth).
  3793 | D:4      | 3793 ||| Stepping ~*~*~tactically~*~*~ (stealth).
  3816 | D:4      | 3816 ||| Stepping ~*~*~tactically~*~*~ (stealth).
  4041 | D:4      | 4041 ||| Stepping ~*~*~tactically~*~*~ (hiding).
  4042 | D:4      | 4042 ||| Stepping ~*~*~tactically~*~*~ (hiding).
  4183 | D:4      | Found an iron altar of Okawaru.
  4365 | D:4      | 4365 ||| READING scroll labelled SABBO GEUM.
  4366 | D:4      | 4366 ||| READING 2 scrolls labelled MIAQU IRRU.
  4367 | D:4      | 4367 ||| READING scroll labelled VEHIAT MOLYUNE.
  4368 | D:4      | 4368 ||| READING 2 scrolls of identify.
  4368 | D:4      | 4368 ||| IDENTIFYING fuming grey potion
  4369 | D:4      | 4369 ||| DROPPING potion of degeneration.
  4370 | D:4      | 4370 ||| DROPPING scroll of noise.
  4376 | D:4      | 4376 ||| READING scroll labelled LIOKHO WOTAHA.
  4396 | D:5      | Entered Level 5 of the Dungeon
  4397 | D:5      | 4397 ||| PLANNING OSSUARY
  4499 | D:5      | 4499 ||| Stepping ~*~*~tactically~*~*~ (hiding).
  4501 | D:5      | 4501 ||| Stepping ~*~*~tactically~*~*~ (hiding).
  4502 | D:5      | 4502 ||| Stepping ~*~*~tactically~*~*~ (hiding).
  4510 | D:5      | 4510 ||| INVOKING Berserk.
  4519 | D:5      | Reached skill level 11 in Axes
  4690 | D:5      | Noticed Prince Ribbit
  4694 | D:5      | 4694 ||| INVOKING Berserk.
  4699 | D:5      | Killed Prince Ribbit
  4745 | D:5      | Found a shimmering blue altar of Sif Muna.
  4748 | D:5      | Found a sacrificial altar of Ru.
  4762 | D:5      | Found a broken altar of Ashenzari.
  4765 | D:5      | Found a stormy altar of Qazlal.
  4804 | D:5      | Found Zoenooheyl's Book Boutique.
  4804 | D:5      | Noticed Edmund
  4809 | D:5      | 4809 ||| INVOKING Berserk.
  4813 | D:5      | Killed Edmund
  4814 | D:5      | Reached skill level 12 in Axes
  4857 | D:5      | 4857 ||| DROPPING +0 flail.
  4914 | D:5      | Reached skill level 1 in Throwing
  4951 | D:5      | Found a sand-covered staircase.
  4952 | D:5      | 4952 ||| DROPPING ring of flight.
  4953 | D:5      | 4953 ||| READING scroll labelled PUDDU IKLUUHAC.
  4954 | D:5      | 4954 ||| READING scroll labelled XIUZYCKOCIS.
  4974 | D:5      | Reached *** piety under Trog
  5113 | D:5      | 5113 ||| READING scroll labelled YTIENNESKAEZA.
  5114 | D:5      | 5114 ||| DRINKING 3 white potions.
  5123 | Ossuary  | Entered an ossuary
  5128 | Ossuary  | 5128 ||| Stepping ~*~*~tactically~*~*~ (stealth).
  5189 | Ossuary  | 5189 ||| Stepping ~*~*~tactically~*~*~ (stealth).
  5191 | Ossuary  | 5191 ||| Stepping ~*~*~tactically~*~*~ (stealth).
  5195 | Ossuary  | 5195 ||| Stepping ~*~*~tactically~*~*~ (stealth).
  5239 | Ossuary  | 5239 ||| Stepping ~*~*~tactically~*~*~ (stealth).
  5259 | Ossuary  | 5259 ||| Stepping ~*~*~tactically~*~*~ (water).
  5267 | Ossuary  | Reached XP level 9. HP: 76/79 MP: 8/8
  5398 | Ossuary  | Reached skill level 13 in Axes
  5482 | Ossuary  | 5482 ||| READING scroll labelled VIDER MUXAINE.
  5483 | Ossuary  | 5483 ||| READING scroll labelled CUNOSA OVEC.
  5484 | Ossuary  | 5484 ||| DRINKING 5 pink potions.
  5485 | Ossuary  | 5485 ||| READING 4 scrolls of identify.
  5485 | Ossuary  | 5485 ||| IDENTIFYING lumpy cyan potion
  5486 | Ossuary  | 5486 ||| READING 3 scrolls of identify.
  5486 | Ossuary  | 5486 ||| IDENTIFYING purple potion
  5487 | Ossuary  | 5487 ||| READING 2 scrolls of identify.
  5487 | Ossuary  | 5487 ||| IDENTIFYING golden potion
  5488 | Ossuary  | 5488 ||| DROPPING potion of flight.
  5489 | Ossuary  | 5489 ||| DROPPING potion of brilliance.
  5490 | Ossuary  | 5490 ||| DROPPING 4 potions of attraction.
  5509 | D:5      | 5509 ||| PLANNING D:1-11
  5520 | D:5      | 5520 ||| INVOKING Berserk.
  5943 | D:6      | 5943 ||| Stepping ~*~*~tactically~*~*~ (stealth).
  5946 | D:6      | 5946 ||| Stepping ~*~*~tactically~*~*~ (stealth).
  6001 | D:6      | 6001 ||| Stepping ~*~*~tactically~*~*~ (hiding).
  6061 | D:6      | Found a radiant altar of Vehumet.
  6132 | D:6      | Reached skill level 3 in Throwing
  6167 | D:6      | Reached **** piety under Trog
  6179 | D:6      | 6179 ||| Stepping ~*~*~tactically~*~*~ (stealth).
  6224 | D:6      | 6224 ||| Stepping ~*~*~tactically~*~*~ (stealth).
  6237 | D:6      | Reached skill level 3 in Dodging
  6305 | D:6      | Found a transporter.
  6386 | D:6      | Found a transporter.
  6800 | D:6      | 6800 ||| INVOKING Berserk.
  6995 | D:6      | 6995 ||| DROPPING +3 scale mail.
  6996 | D:6      | 6996 ||| DRINKING 2 fizzy grey potions.
  6997 | D:6      | 6997 ||| READING 2 scrolls of identify.
  6997 | D:6      | 6997 ||| IDENTIFYING glowing puce potion
  6998 | D:6      | 6998 ||| DROPPING potion of lignification.
  6999 | D:6      | 6999 ||| DROPPING potion of invisibility.
  7100 | D:7      | 7100 ||| INVOKING Berserk.
  7103 | D:7      | Reached skill level 14 in Axes
  7280 | D:7      | Found a white marble altar of Elyvilon.
  7317 | D:7      | Found a staircase to the Ecumenical Temple.
  7318 | D:7      | 7318 ||| Stepping ~*~*~tactically~*~*~ (stealth).
  7334 | D:7      | 7334 ||| FLEEEEING.
  7336 | D:7      | 7336 ||| FLEEEEING.
  7337 | D:7      | 7337 ||| FLEEEEING.
  7338 | D:7      | 7338 ||| FLEEEEING.
  7340 | D:7      | 7340 ||| FLEEEEING.
  7343 | D:7      | 7343 ||| FLEEEEING.
  7344 | D:7      | 7344 ||| FLEEEEING.
  7345 | D:7      | 7345 ||| FLEEEEING.
  7346 | D:7      | 7346 ||| FLEEEEING.
  7347 | D:7      | 7347 ||| FLEEEEING.
  7348 | D:7      | 7348 ||| FLEEEEING.
  7349 | D:7      | 7349 ||| FLEEEEING.
  7350 | D:7      | 7350 ||| FLEEEEING.
  7351 | D:7      | 7351 ||| FLEEEEING.
  7353 | D:7      | 7353 ||| FLEEEEING.
  7354 | D:7      | 7354 ||| FLEEEEING.
  7356 | D:7      | 7356 ||| FLEEEEING.
  7357 | D:7      | 7357 ||| FLEEEEING.
  7358 | D:7      | 7358 ||| FLEEEEING.
  7359 | D:7      | 7359 ||| FLEEEEING.
  7360 | D:7      | 7360 ||| FLEEEEING.
  7361 | D:7      | 7361 ||| FLEEEEING.
  7362 | D:7      | 7362 ||| FLEEEEING.
  7363 | D:7      | 7363 ||| FLEEEEING.
  7364 | D:7      | 7364 ||| FLEEEEING.
  7365 | D:7      | 7365 ||| FLEEEEING.
  7366 | D:7      | 7366 ||| FLEEEEING.
  7367 | D:7      | 7367 ||| FLEEEEING.
  7368 | D:7      | 7368 ||| FLEEEEING.
  7369 | D:7      | 7369 ||| FLEEEEING.
  7370 | D:7      | 7370 ||| FLEEEEING.
  7371 | D:7      | 7371 ||| FLEEEEING.
  7372 | D:7      | 7372 ||| FLEEEEING.
  7373 | D:7      | 7373 ||| FLEEEEING.
  7437 | D:7      | Identified the +5 plate armour "Puaheuke" {*Corrode Int+4
                  | Dex+4}
  7758 | D:7      | 7758 ||| Stepping ~*~*~tactically~*~*~ (stealth).
  7784 | D:7      | Found Vecenn's Armour Boutique.
  7792 | D:7      | 7792 ||| BUYING +0 buckler (54 gold).
  7792 | D:7      | Bought a +0 buckler for 54 gold pieces
  7792 | D:7      | 7792 ||| SHOPLISTING +2 pair of boots of rampaging (258
                  | gold, have 212).
  7841 | D:7      | Reached XP level 10. HP: 88/88 MP: 9/9
  7973 | D:7      | 7973 ||| UPGRADING to +5 plate armour "Puaheuke" {*Corrode
                  | Int+4 Dex+4}.
  7983 | D:7      | 7983 ||| DROPPING +0 chain mail.
  7984 | D:7      | 7984 ||| UPGRADING to +0 buckler.
  7989 | D:7      | 7989 ||| READING 2 scrolls labelled QEIHYGA VONAIV.
  8090 | D:7      | 8090 ||| DROPPING scroll of silence.
  8128 | D:8      | Reached skill level 1 in Shields
  8130 | D:8      | Reached skill level 3 in Shields
  8139 | D:8      | Noticed an elephant
  8140 | D:8      | Noticed a death yak
  8141 | D:8      | 8141 ||| Stepping ~*~*~tactically~*~*~ (hiding).
  8141 | D:8      | Found a staircase to the Lair.
  8142 | D:8      | 8142 ||| Stepping ~*~*~tactically~*~*~ (hiding).
  8147 | D:8      | 8147 ||| INVOKING Berserk.
  8150 | D:8      | Killed an elephant
  8156 | D:8      | Killed a death yak
  8157 | D:8      | Reached skill level 6 in Shields
  8360 | D:8      | Noticed a boulder beetle
  8361 | D:8      | 8361 ||| Stepping ~*~*~tactically~*~*~ (hiding).
  8363 | D:8      | 8363 ||| Stepping ~*~*~tactically~*~*~ (hiding).
  8365 | D:8      | 8365 ||| INVOKING Berserk.
  8370 | D:8      | Killed a boulder beetle
  8530 | D:8      | 8530 ||| READING scroll of enchant weapon.
  8530 | D:8      | 8530 ||| ENCHANTING +1 broad axe of electrocution.
  8624 | D:8      | 8624 ||| INVOKING Berserk.
  8847 | D:8      | Reached skill level 15 in Axes
  8857 | D:8      | 8857 ||| INVOKING Berserk.
  9101 | D:8      | 9101 ||| INVOKING Berserk.
  9247 | D:8      | Reached skill level 9 in Fighting
  9263 | D:8      | 9263 ||| READING scroll of enchant weapon.
  9263 | D:8      | 9263 ||| ENCHANTING +2 broad axe of electrocution.
  9267 | D:8      | Identified the +0 robe of the Raven {rCorr Str+2}
  9269 | D:8      | 9269 ||| Stepping ~*~*~tactically~*~*~ (stealth).
  9270 | D:8      | 9270 ||| Stepping ~*~*~tactically~*~*~ (stealth).
  9342 | D:8      | 9342 ||| FLEEEEING.
  9454 | D:8      | 9454 ||| READING scroll of brand weapon.
  9454 | D:8      | 9454 ||| BRANDING +3 broad axe of electrocution.
  9593 | D:8      | 9593 ||| PLANNING LAIR
  9593 | D:8      | 9593 ||| READING scroll labelled DUAFEUSHR QICAUTH.
  9593 | D:8      | Identified a scroll of acquirement
  9593 | D:8      | 9593 ||| ACQUIRING +0 pair of boots of Okawaru's Regard
                  | {rC+ rN+ Will+ Int-3}
  9593 | D:8      | Acquired the +0 pair of boots of Okawaru's Regard {rC+ rN+
                  | Will+ Int-3}
  9595 | D:8      | 9595 ||| UPGRADING to +0 pair of boots of Okawaru's Regard
                  | {rC+ rN+ Will+ Int-3}.
  9600 | D:8      | 9600 ||| READING 2 scrolls of identify.
  9600 | D:8      | 9600 ||| IDENTIFYING bubbling pink potion
  9638 | Lair:1   | Entered Level 1 of the Lair of Beasts
  9645 | Lair:1   | 9645 ||| Stepping ~*~*~tactically~*~*~ (stealth).
  9647 | Lair:1   | 9647 ||| Stepping ~*~*~tactically~*~*~ (stealth).
  9648 | Lair:1   | 9648 ||| INVOKING Berserk.
  9791 | Lair:1   | Noticed an eight-headed hydra
  9792 | Lair:1   | 9792 ||| INVOKING Brothers in Arms.
  9793 | Lair:1   | 9793 ||| INVOKING Brothers in Arms.
  9795 | Lair:1   | 9795 ||| SWAPPING to +2 vorpal flail.
  9797 | Lair:1   | 9797 ||| INVOKING Berserk.
  9803 | Lair:1   | Killed an eight-headed hydra
  9804 | Lair:1   | Reached XP level 11. HP: 80/97 MP: 10/10
  9869 | Lair:1   | 9869 ||| SWAPPING to +3 broad axe of protection.
  9874 | Lair:1   | 9874 ||| Stepping ~*~*~tactically~*~*~ (stealth).
  9875 | Lair:1   | 9875 ||| INVOKING Berserk.
 10057 | Lair:1   | 10057 ||| INVOKING Berserk.
 10060 | Lair:1   | Reached skill level 16 in Axes
 10206 | Lair:1   | 10206 ||| INVOKING Berserk.
 10226 | Lair:1   | HP: 24/97 [blink frog (7)]
 10227 | Lair:1   | 10227 ||| READING 6 scrolls of teleportation.
 10228 | Lair:1   | 10228 ||| DRINKING potion of heal wounds.
 10240 | Lair:1   | Reached skill level 17 in Axes
 10381 | Lair:1   | 10381 ||| INVOKING Berserk.
 10453 | Lair:1   | You fall into a shaft and drop 1 floor!
 10458 | Lair:2   | 10458 ||| INVOKING Berserk.
 10603 | Lair:2   | 10603 ||| INVOKING Berserk.
 10788 | Lair:2   | Noticed Sonja
 10797 | Lair:2   | HP: 22/99 [poisoned by Sonja]
 10798 | Lair:2   | 10798 ||| READING 5 scrolls of teleportation.
 10799 | Lair:2   | HP: 4/99 [poisoned by Sonja]
 10799 | Lair:2   | HP: 1/99 [merfolk siren/+0 spear (1)]
 10800 | Lair:2   | 10800 ||| DRINKING 10 potions of curing.
 10800 | Lair:2   | 10800 ||| (to cure bad poison)
 10804 | Lair:2   | 10804 ||| READING 4 scrolls of teleportation.
 10805 | Lair:2   | 10805 ||| INVOKING Berserk.
 10926 | Lair:2   | 10926 ||| INVOKING Berserk.
 11140 | Lair:2   | 11140 ||| INVOKING Berserk.
 11244 | Lair:2   | 11244 ||| INVOKING Berserk.
 11478 | Lair:1   | 11478 ||| Stepping ~*~*~tactically~*~*~ (stealth).
 11480 | Lair:1   | 11480 ||| INVOKING Berserk.
 11817 | Lair:1   | 11817 ||| DROPPING +2 vorpal flail.
 11967 | Lair:1   | 11967 ||| DROPPING scarf of invisibility.
 11968 | Lair:1   | 11968 ||| UPGRADING to +4 ring of evasion.
 11969 | Lair:1   | 11969 ||| DROPPING ring of ice.
 11970 | Lair:1   | 11970 ||| DRINKING 3 fuming clear potions.
 12030 | Lair:2   | Found a staircase to the Snake Pit.
 12063 | Lair:2   | 12063 ||| INVOKING Berserk.
 12294 | Lair:2   | 12294 ||| Stepping ~*~*~tactically~*~*~ (hiding).
 12295 | Lair:2   | 12295 ||| Stepping ~*~*~tactically~*~*~ (hiding).
 12296 | Lair:2   | 12296 ||| Stepping ~*~*~tactically~*~*~ (hiding).
 12297 | Lair:2   | Identified the +4 dagger of Amorality {antimagic, rC- Will-
                  | Dex+5}
 12434 | Lair:2   | Noticed Fannar
 12452 | Lair:2   | Killed Fannar
 12453 | Lair:2   | Reached XP level 12. HP: 101/106 MP: 11/11
 12616 | Lair:2   | Noticed a four-headed hydra
 12619 | Lair:2   | 12619 ||| SWAPPING to +1 flail of protection.
 12620 | Lair:2   | 12620 ||| INVOKING Berserk.
 12626 | Lair:2   | Killed a four-headed hydra
 12627 | Lair:2   | Reached skill level 18 in Axes
 12656 | Lair:2   | 12656 ||| SWAPPING to +3 broad axe of protection.
 12694 | Lair:2   | 12694 ||| Stepping ~*~*~tactically~*~*~ (stealth).
 12695 | Lair:2   | 12695 ||| Stepping ~*~*~tactically~*~*~ (stealth).
 12696 | Lair:2   | 12696 ||| Stepping ~*~*~tactically~*~*~ (stealth).
 12697 | Lair:2   | 12697 ||| Stepping ~*~*~tactically~*~*~ (stealth).
 12698 | Lair:2   | 12698 ||| Stepping ~*~*~tactically~*~*~ (stealth).
 12699 | Lair:2   | 12699 ||| Stepping ~*~*~tactically~*~*~ (stealth).
 12700 | Lair:2   | 12700 ||| Stepping ~*~*~tactically~*~*~ (stealth).
 12706 | Lair:2   | 12706 ||| Stepping ~*~*~tactically~*~*~ (stealth).
 12714 | Lair:2   | 12714 ||| READING scroll of enchant weapon.
 12714 | Lair:2   | 12714 ||| ENCHANTING +3 broad axe of protection.
 12730 | Lair:2   | Killed Sonja
 12731 | Lair:2   | Reached skill level 9 in Armour
 12883 | Lair:2   | Found a staircase to the Shoals.
 13085 | Lair:2   | 13085 ||| UPGRADING to ring of see invisible.
 13087 | Lair:2   | 13087 ||| READING scroll labelled DANIYNU LIY.
 13120 | Lair:3   | Noticed a four-headed hydra
 13122 | Lair:3   | 13122 ||| SWAPPING to +1 flail of protection.
 13124 | Lair:3   | 13124 ||| INVOKING Berserk.
 13124 | Lair:3   | Noticed a seven-headed hydra
 13128 | Lair:3   | Killed a four-headed hydra
 13133 | Lair:3   | Killed a seven-headed hydra
 13148 | Lair:3   | 13148 ||| SWAPPING to +4 broad axe of protection.
 13349 | Lair:3   | Found a runed translucent gate.
 13349 | Lair:3   | Found a runed translucent gate.
 13349 | Lair:3   | Found a runed translucent gate.
 13379 | Lair:3   | Noticed a seven-headed hydra
 13383 | Lair:3   | 13383 ||| INVOKING Berserk.
 13393 | Lair:3   | Killed an 11-headed hydra
 13499 | Lair:3   | 13499 ||| Stepping ~*~*~tactically~*~*~ (stealth).
 13504 | Lair:3   | 13504 ||| INVOKING Berserk.
 13628 | Lair:3   | 13628 ||| INVOKING Berserk.
 13637 | Lair:3   | Noticed a four-headed hydra
 13638 | Lair:3   | 13638 ||| SWAPPING to +1 flail of protection.
 13644 | Lair:3   | Killed a four-headed hydra
 13645 | Lair:3   | 13645 ||| SWAPPING to +4 broad axe of protection.
 13968 | Lair:3   | Noticed a four-headed hydra
 13971 | Lair:3   | 13971 ||| SWAPPING to +1 flail of protection.
 13973 | Lair:3   | 13973 ||| INVOKING Berserk.
 13977 | Lair:3   | Killed a four-headed hydra
 13995 | Lair:3   | 13995 ||| SWAPPING to +4 broad axe of protection.
 14057 | Lair:3   | 14057 ||| Stepping ~*~*~tactically~*~*~ (stealth).
 14059 | Lair:3   | 14059 ||| Stepping ~*~*~tactically~*~*~ (stealth).
 14106 | Lair:3   | Reached skill level 12 in Fighting
 14201 | Lair:3   | Noticed a boulder beetle
 14201 | Lair:3   | Noticed a four-headed hydra
 14204 | Lair:3   | 14204 ||| SWAPPING to +1 flail of protection.
 14207 | Lair:3   | 14207 ||| INVOKING Berserk.
 14213 | Lair:3   | Killed a four-headed hydra
 14225 | Lair:3   | Reached skill level 6 in Dodging
 14237 | Lair:3   | 14237 ||| SWAPPING to +4 broad axe of protection.
 14240 | Lair:3   | Killed a boulder beetle
 14397 | Lair:3   | 14397 ||| Stepping ~*~*~tactically~*~*~ (stealth).
 14501 | Lair:3   | Noticed an eight-headed hydra
 14504 | Lair:3   | 14504 ||| SWAPPING to +1 flail of protection.
 14506 | Lair:3   | 14506 ||| DRINKING 2 potions of cancellation.
 14507 | Lair:3   | 14507 ||| INVOKING Berserk.
 14511 | Lair:3   | Killed an eight-headed hydra
 14526 | Lair:3   | 14526 ||| SWAPPING to +4 broad axe of protection.
 14741 | Lair:3   | 14741 ||| Stepping ~*~*~tactically~*~*~ (stealth).
 14746 | Lair:3   | Reached XP level 13. HP: 119/119 MP: 12/12
 14746 | Lair:3   | 14746 ||| INVOKING Berserk.
 14931 | Lair:3   | Noticed qw's ghost (journeyman MiFi)
 15239 | Lair:3   | 15239 ||| UPGRADING to +0 cloak.
 15244 | Lair:3   | 15244 ||| READING 5 scrolls of enchant armour.
 15244 | Lair:3   | 15244 ||| ENCHANTING +0 cloak.
 15245 | Lair:3   | 15245 ||| READING 4 scrolls of enchant armour.
 15245 | Lair:3   | 15245 ||| ENCHANTING +1 cloak.
 15310 | Lair:4   | 15310 ||| SWAPPING to +1 flail of protection.
 15312 | Lair:4   | 15312 ||| INVOKING Berserk.
 15325 | Lair:4   | 15325 ||| STAIRDANCE
 15327 | Lair:3   | 15327 ||| SWAPPING to +4 broad axe of protection.
 15475 | Lair:4   | 15475 ||| STAIRDANCE
 15695 | Lair:4   | 15695 ||| Stepping ~*~*~tactically~*~*~ (stealth).
 15697 | Lair:4   | 15697 ||| INVOKING Berserk.
 15717 | Lair:4   | 15717 ||| Stepping ~*~*~tactically~*~*~ (stealth).
 15719 | Lair:4   | 15719 ||| Stepping ~*~*~tactically~*~*~ (stealth).
 15720 | Lair:4   | 15720 ||| Stepping ~*~*~tactically~*~*~ (stealth).
 15832 | Lair:4   | 15832 ||| SWAPPING to +1 flail of protection.
 15833 | Lair:4   | 15833 ||| INVOKING Berserk.
 15860 | Lair:4   | 15860 ||| SWAPPING to +4 broad axe of protection.
 16015 | Lair:4   | 16015 ||| Stepping ~*~*~tactically~*~*~ (stealth).
 16018 | Lair:4   | 16018 ||| INVOKING Berserk.
 16038 | Lair:4   | Reached skill level 12 in Armour
 16201 | Lair:4   | 16201 ||| Stepping ~*~*~tactically~*~*~ (stealth).
 16204 | Lair:4   | 16204 ||| Stepping ~*~*~tactically~*~*~ (stealth).
 16473 | Lair:4   | 16473 ||| Stepping ~*~*~tactically~*~*~ (stealth).
 16475 | Lair:4   | 16475 ||| Stepping ~*~*~tactically~*~*~ (stealth).
 16479 | Lair:4   | Reached skill level 9 in Shields
 16484 | Lair:4   | 16484 ||| Stepping ~*~*~tactically~*~*~ (stealth).
 16491 | Lair:4   | 16491 ||| FLEEEEING.
 16492 | Lair:4   | 16492 ||| FLEEEEING.
 16493 | Lair:4   | 16493 ||| FLEEEEING.
 16494 | Lair:4   | 16494 ||| FLEEEEING.
 16496 | Lair:4   | 16496 ||| FLEEEEING.
 16497 | Lair:4   | 16497 ||| FLEEEEING.
 16498 | Lair:4   | 16498 ||| FLEEEEING.
 16499 | Lair:4   | 16499 ||| FLEEEEING.
 16500 | Lair:4   | 16500 ||| FLEEEEING.
 16501 | Lair:4   | 16501 ||| FLEEEEING.
 16502 | Lair:4   | 16502 ||| FLEEEEING.
 16504 | Lair:4   | 16504 ||| FLEEEEING.
 16505 | Lair:4   | 16505 ||| FLEEEEING.
 16506 | Lair:4   | 16506 ||| FLEEEEING.
 16507 | Lair:4   | 16507 ||| FLEEEEING.
 16508 | Lair:4   | 16508 ||| FLEEEEING.
 16509 | Lair:4   | 16509 ||| FLEEEEING.
 16510 | Lair:4   | 16510 ||| FLEEEEING.
 16511 | Lair:4   | 16511 ||| FLEEEEING.
 16512 | Lair:4   | 16512 ||| FLEEEEING.
 16513 | Lair:4   | 16513 ||| FLEEEEING.
 16514 | Lair:4   | 16514 ||| FLEEEEING.
 16515 | Lair:4   | 16515 ||| STAIRDANCE
 16638 | Lair:3   | 16638 ||| UPGRADING to +0 pair of gloves.
 16643 | Lair:3   | 16643 ||| READING 3 scrolls of enchant armour.
 16643 | Lair:3   | 16643 ||| ENCHANTING +0 pair of gloves.
 16644 | Lair:3   | 16644 ||| READING 2 scrolls of enchant armour.
 16644 | Lair:3   | 16644 ||| ENCHANTING +1 pair of gloves.
 16699 | Lair:4   | 16699 ||| INVOKING Berserk.
 16708 | Lair:4   | 16708 ||| STAIRDANCE
 16997 | Lair:4   | 16997 ||| Stepping ~*~*~tactically~*~*~ (stealth).
 17000 | Lair:4   | 17000 ||| Stepping ~*~*~tactically~*~*~ (stealth).
 17002 | Lair:4   | 17002 ||| SWAPPING to +1 flail of protection.
 17004 | Lair:4   | 17004 ||| INVOKING Berserk.
 17020 | Lair:4   | 17020 ||| SWAPPING to +4 broad axe of protection.
 17358 | Lair:5   | Entered Level 5 of the Lair of Beasts
 17361 | Lair:5   | 17361 ||| STAIRDANCE
 17368 | Lair:5   | 17368 ||| STAIRDANCE
 17571 | Lair:5   | 17571 ||| STAIRDANCE
 17573 | Lair:4   | 17573 ||| INVOKING Berserk.
 17684 | Lair:5   | 17684 ||| STAIRDANCE
 17686 | Lair:4   | 17686 ||| INVOKING Berserk.
 17797 | Lair:5   | 17797 ||| STAIRDANCE
 17835 | Lair:5   | 17835 ||| INVOKING Berserk.
 17850 | Lair:5   | 17850 ||| FLEEEEING.
 17852 | Lair:5   | 17852 ||| STAIRDANCE
 17974 | Lair:5   | 17974 ||| Stepping ~*~*~tactically~*~*~ (stealth).
 17976 | Lair:5   | 17976 ||| INVOKING Berserk.
 18002 | Lair:5   | Found the +8 orange crystal plate armour {Archmagi, Int+3
                  | Clar}
 18028 | Lair:5   | 18028 ||| FLEEEEING.
 18117 | Lair:5   | 18117 ||| INVOKING Berserk.
 18180 | Lair:5   | 18180 ||| INVOKING Berserk.
 18298 | Lair:5   | 18298 ||| INVOKING Berserk.
 18307 | Lair:5   | 18307 ||| Stepping ~*~*~tactically~*~*~ (cloud).
 18314 | Lair:5   | 18314 ||| Stepping ~*~*~tactically~*~*~ (cloud).
 18380 | Lair:5   | 18380 ||| INVOKING Berserk.
 18634 | Lair:5   | Found a staircase to the Slime Pits.
 18634 | Lair:5   | Found a viscous altar of Jiyva.
 18641 | Lair:5   | 18641 ||| Stepping ~*~*~tactically~*~*~ (stealth).
 18646 | Lair:5   | 18646 ||| INVOKING Berserk.
 18696 | Lair:5   | 18696 ||| Stepping ~*~*~tactically~*~*~ (stealth).
 18705 | Lair:5   | Found a runed translucent gate.
 18706 | Lair:5   | Found a runed translucent gate.
 18706 | Lair:5   | Noticed qw's ghost (journeyman TrCA)
 18840 | Lair:5   | 18840 ||| Stepping ~*~*~tactically~*~*~ (hiding).
 18848 | Lair:5   | 18848 ||| INVOKING Berserk.
 18859 | Lair:5   | Noticed Rupert
 18863 | Lair:5   | 18863 ||| DRINKING 9 potions of curing.
 18863 | Lair:5   | 18863 ||| (to cure confusion)
 18864 | Lair:5   | 18864 ||| INVOKING Trog's Hand.
 18865 | Lair:5   | HP: 28/124 [acid dragon/splash of acid (17)]
 18866 | Lair:5   | 18866 ||| READING 7 scrolls of teleportation.
 18867 | Lair:5   | 18867 ||| DRINKING potion of heal wounds.
 19035 | Lair:5   | Noticed Snorg
 19038 | Lair:5   | 19038 ||| INVOKING Berserk.
 19046 | Lair:5   | Killed Snorg
 19047 | Lair:5   | Reached XP level 14. HP: 133/133 MP: 13/13
 19198 | Lair:5   | 19198 ||| Stepping ~*~*~tactically~*~*~ (cloud).
 19290 | Lair:5   | 19290 ||| INVOKING Brothers in Arms.
 19291 | Lair:5   | 19291 ||| INVOKING Brothers in Arms.
 19292 | Lair:5   | 19292 ||| SWAPPING to +1 flail of protection.
 19293 | Lair:5   | 19293 ||| SWAPPING to +4 broad axe of protection.
 19304 | Lair:5   | 19304 ||| SWAPPING to +1 flail of protection.
 19305 | Lair:5   | 19305 ||| INVOKING Berserk.
 19313 | Lair:5   | 19313 ||| SWAPPING to +4 broad axe of protection.
 19587 | Lair:5   | Found a runed translucent door.
 19609 | Lair:5   | 19609 ||| Stepping ~*~*~tactically~*~*~ (stealth).
 19634 | Lair:5   | 19634 ||| Stepping ~*~*~tactically~*~*~ (stealth).
 19666 | Lair:5   | Reached skill level 15 in Fighting
 19694 | Lair:5   | 19694 ||| INVOKING Berserk.
 19799 | Lair:5   | 19799 ||| INVOKING Berserk.
 20059 | Lair:5   | 20059 ||| DROPPING +1 flail of protection.
 20062 | Lair:5   | 20062 ||| INVOKING Trog's Hand.
 20067 | Lair:5   | 20067 ||| INVOKING Berserk.
 20073 | Lair:5   | Killed Rupert
 20074 | Lair:5   | Reached skill level 6 in Throwing
 20270 | Lair:5   | 20270 ||| FLEEEEING.
 20271 | Lair:5   | 20271 ||| FLEEEEING.
 20272 | Lair:5   | 20272 ||| FLEEEEING.
 20273 | Lair:5   | 20273 ||| FLEEEEING.
 20274 | Lair:5   | 20274 ||| FLEEEEING.
 20276 | Lair:5   | 20276 ||| FLEEEEING.
 20277 | Lair:5   | 20277 ||| FLEEEEING.
 20279 | Lair:5   | 20279 ||| FLEEEEING.
 20280 | Lair:5   | 20280 ||| FLEEEEING.
 20281 | Lair:5   | 20281 ||| FLEEEEING.
 20282 | Lair:5   | 20282 ||| FLEEEEING.
 20283 | Lair:5   | 20283 ||| FLEEEEING.
 20284 | Lair:5   | 20284 ||| FLEEEEING.
 20285 | Lair:5   | 20285 ||| FLEEEEING.
 20286 | Lair:5   | 20286 ||| FLEEEEING.
 20287 | Lair:5   | 20287 ||| FLEEEEING.
 20289 | Lair:5   | 20289 ||| INVOKING Berserk.
 20419 | Lair:5   | Found a runed translucent gate.
 20607 | Lair:5   | 20607 ||| Stepping ~*~*~tactically~*~*~ (stealth).
 20608 | Lair:5   | 20608 ||| Stepping ~*~*~tactically~*~*~ (stealth).
 20624 | Lair:5   | 20624 ||| Stepping ~*~*~tactically~*~*~ (stealth).
 20628 | Lair:5   | 20628 ||| Stepping ~*~*~tactically~*~*~ (stealth).
 20642 | Lair:5   | 20642 ||| Stepping ~*~*~tactically~*~*~ (stealth).
 20643 | Lair:5   | 20643 ||| Stepping ~*~*~tactically~*~*~ (stealth).
 20644 | Lair:5   | 20644 ||| Stepping ~*~*~tactically~*~*~ (stealth).
 20648 | Lair:5   | 20648 ||| Stepping ~*~*~tactically~*~*~ (hiding).
 20649 | Lair:5   | 20649 ||| Stepping ~*~*~tactically~*~*~ (hiding).
 20650 | Lair:5   | 20650 ||| Stepping ~*~*~tactically~*~*~ (hiding).
 20655 | Lair:5   | 20655 ||| INVOKING Berserk.
 20680 | Lair:5   | 20680 ||| Stepping randomly (cloudy).
 20681 | Lair:5   | 20681 ||| Stepping randomly (cloudy).
 20682 | Lair:5   | 20682 ||| Stepping randomly (cloudy).
 20683 | Lair:5   | 20683 ||| Stepping ~*~*~tactically~*~*~ (cloud).
 20685 | Lair:5   | 20685 ||| Stepping ~*~*~tactically~*~*~ (cloud).
 20688 | Lair:5   | HP: 31/135 [poisoned by a swamp dragon (blast of poison)]
 20689 | Lair:5   | 20689 ||| READING 7 scrolls of teleportation.
 20690 | Lair:5   | 20690 ||| INVOKING Berserk.
 20693 | Lair:5   | HP: 17/202 [something (4)]
 20693 | Lair:5   | HP: 6/202 [poison (poison gas)]
 20694 | Lair:5   | Succumbed to poison (poison gas)

Levels and vault maps discovered:
D:1:      nzn_arrival_settlement, layout_basic,
          dreamdust_ecumenical_altar_drowned_temple
D:2:      layout_basic, serial_shops, nicolae_diamond_shop
D:3:      layout_loops_corners, mainiacjoe_overflow_cross_hatched,
          nicolae_wormholes, uniq_ijyb
D:4:      layout_loops_ring, mainiacjoe_overflow_alcove_2,
          minmay_quadrilaterals, uniq_pikel, uniq_sigmund
D:5:      layout_rooms, minitemple, serial_shops, nicolae_shop_hallway_plus,
          enter_ossuary_4, uniq_prince_ribbit1, uniq_edmund
D:6:      gammafunk_cloud_chamber, layout_loops_ring, vehumet_altar_wand_db,
          uniq_crazy_yiuf_cottage
D:7:      layout_basic, nicolae_elyvilon_peaceful_grove,
          minmay_temple_entry_hall, serial_shops, shop
D:8:      layout_basic, david_lair_generic
Lair:1:   layout_gridlike, serial_bayou_shore_b
Lair:2:   layout_small_grid, minmay_shoals_entry_lonely_mermaid,
          minmay_snake_entry_six_corridors, portal_ice_cave_rime,
          lemuel_fruit_tree, uniq_fannar, uniq_sonja
Lair:3:   nzn_winding_woodlands_stair_trap [nzn_winding_woodlands_5x15_pool,
          nzn_winding_woodlands_5x15_river_crossing,
          nzn_winding_woodlands_5x15_lazy_stream,
          nzn_winding_woodlands_15x15_killbox,
          nzn_winding_woodlands_5x15_sawtooth,
          nzn_winding_woodlands_5x15_concentric,
          nzn_winding_woodlands_5x15_zeroes], layout_misc_corridors,
          ebering_ghost_rock_garden
Lair:4:   layout_loops_ring, hibernation_bobbens
Lair:5:   wormcave, layout_layer_cave, guppyfry_lair_end_dragon,
          nicolae_slime_entry_slimehenge, gammafunk_ghost_split,
          roderic_batcave, minmay_hedge_maze, lemuel_old_faithful, uniq_rupert,
          uniq_snorg

Skill      XL: |  1  2  3  4  5  6  7  8  9 10 11 12 13 14 |
---------------+-------------------------------------------+-----
Axes           | 4 5 6 7 9 10 12 14 15 17 18 | 18.1
Fighting       | 5 6 7 8 9 10 12 14 15 | 15.0
Armour         | 3 4 5 7 8 10 13 14 | 14.0
Throwing       | 2 3 5 6 |  6.5
Dodging        | 3 4 5 6 7 |  7.6
Shields        | 6 8 9 |  9.4

Action                   |  1- 3 |  4- 6 |  7- 9 | 10-12 | 13-15 || total
-------------------------+-------+-------+-------+-------+-------++-------
Melee: Hand axe          |    61 |       |       |       |       ||    61
       Headbutt          |     9 |     3 |    36 |    67 |    98 ||   213
       Broad axe         |     9 |    43 |   228 |   266 |   369 ||   915
       Unarmed           |       |     9 |       |       |       ||     9
       Punch             |       |       |     4 |       |       ||     4
       Flail             |       |       |       |    80 |    28 ||   108
Throw: Javelin           |       |       |    22 |     4 |    24 ||    50
       Boomerang         |       |       |       |     6 |       ||     6
Invok: Berserk           |     1 |     3 |     8 |    27 |    25 ||    64
       Brothers in Arms  |       |       |       |     1 |     1 ||     2
       Trog's Hand       |       |       |       |       |     2 ||     2
  Use: Scroll            |     5 |     1 |    14 |    11 |     6 ||    37
       Potion            |     1 |       |     3 |     4 |     2 ||    10
 Stab: Distracted        |       |       |     1 |     1 |       ||     2
Armor: Animal skin       |     8 |       |       |       |       ||     8
       Chain mail        |    13 |    13 |    74 |       |       ||   100
       Skin              |       |     3 |       |       |       ||     3
       Plate armour      |       |       |       |   230 |   163 ||   393
Dodge: Dodged            |    40 |    23 |    87 |   153 |   179 ||   482
Block: Buckler           |       |       |       |    79 |    74 ||   153

Table legend:
 A = Non-vault XP
 B = Vault XP
 C = Vault XP percentage of total XP
 D = Non-vault monster count
 E = Vault monster count
 F = Vault count percentage of total count
                 A         B        C        D         E       F
            +---------+---------+-------+---------+---------+-------
      Total |   49684 |   30288 |  37.9 |     290 |     131 |  31.1
            +---------+---------+-------+---------+---------+-------
        D:1 |      27 |       1 |   3.6 |      18 |       1 |   5.3
        D:2 |      66 |       0 |   0.0 |      18 |       0 |   0.0
        D:3 |      84 |      49 |  36.8 |      12 |       3 |  20.0
        D:4 |     418 |     886 |  67.9 |      15 |       8 |  34.8
        D:5 |     389 |     453 |  53.8 |      14 |       5 |  26.3
        D:6 |    1036 |       7 |   0.7 |      19 |       2 |   9.5
        D:7 |     886 |       0 |   0.0 |      17 |       0 |   0.0
        D:8 |    3215 |    1596 |  33.2 |      28 |       4 |  12.5
     Lair:1 |    7182 |       0 |   0.0 |      30 |       0 |   0.0
     Lair:2 |    2472 |    5216 |  67.8 |       7 |      14 |  66.7
     Lair:3 |    6099 |    7776 |  56.0 |      16 |      19 |  54.3
     Lair:4 |   12542 |       0 |   0.0 |      40 |       0 |   0.0
     Lair:5 |   15268 |   13076 |  46.1 |      56 |      44 |  44.0
    Ossuary |       0 |    1228 | 100.0 |       0 |      31 | 100.0
            +---------+---------+-------+---------+---------+-------
